 Dungeon Crawl Stone Soup version 0.29.1-2-gbd0b4ee654 (webtiles) character file.

Game seed: 7259623698234559441

241 MisterFreud the Twirler (level 6, -3/47 HPs)
             Began as a Formicid Gladiator on Oct 24, 2022.
             Was a Follower of Yredelemnul.
             Killed from afar by a white imp (12 damage)
             ... with a puff of frost
             ... on level 6 of the Dungeon.
             The game lasted 00:04:09 (3940 turns).

MisterFreud the Twirler (Formicid Gladiator)        Turns: 3940, Time: 00:04:10

Health: -3/47      AC:  4    Str: 20    XL:     6   Next: 30%
Magic:  6/6        EV: 12    Int:  8    God:    Yredelemnul [*.....]
Gold:   129        SH:  0    Dex: 15    Spells: 5/5 levels left

rFire   . . .      SeeInvis +   a - +1 quarterstaff
rCold   . . .      Faith    .   (no shield)
rNeg    . . .      Spirit   .   b - +1 leather armour
rPois   .          Reflect  .   (helmet unavailable)
rElec   .          Harm     .   (no cloak)
rCorr   .          Rampage  .   (no gloves)
Will    .....                   (no boots)
Stlth   +.........              p - amulet of the acrobat
HPRegen 0.15/turn               (no ring)
MPRegen 0.10/turn               (no ring)

@: no status effects
A: permanent stasis, dig shafts and tunnels, antennae 3, four strong arms
a: Dig, Shaft Self, Renounce Religion, Recall Undead Harvest


You were on level 6 of the Dungeon.
You worshipped Yredelemnul.
Yredelemnul was noncommittal.
You visited 2 branches of the dungeon, and saw 5 of its levels.

You collected 129 gold pieces.

Inventory:

Hand Weapons
 a - a +1 quarterstaff (weapon)
Missiles
 c - 3 throwing nets (quivered)
 d - a javelin
 o - 6 atropa-tipped darts
 q - 3 poisoned darts
Armour
 b - a +1 leather armour (worn)
Jewellery
 e - a ring of ice
 p - an amulet of the acrobat (around neck)
Scrolls
 g - a scroll of silence
 i - 3 scrolls of enchant armour
 k - a scroll of amnesia {unknown}
Potions
 f - a potion of resistance
 h - 3 potions of heal wounds
 j - 2 potions of mutation {unknown}
 l - a potion of ambrosia {unknown}
 m - 3 potions of curing {unknown}
 n - 2 potions of degeneration {unknown}


   Skills:
 + Level 3.0 Fighting
 - Level 6.0 Staves
 - Level 2.0 Throwing
 + Level 1.8 Armour
 - Level 2.6 Dodging


You had 5 spell levels left.
You didn't know any spells.
Your spell library was empty.

Dungeon Overview and Level Annotations

Branches:
Dungeon (6/15)             Temple (1/1) D:6

Altars:
Ashenzari
Cheibriados
Dithmenos
Gozag
Hepliaklqana
Kikubaaqudgha
Makhleb
Okawaru
Qazlal
Ru
Trog
Uskayaw
Vehumet
Wu Jian
Xom
Yredelemnul
Zin
The Shining One

Annotations:
D:3 Ijyb, Terence


Innate Abilities, Weirdness & Mutations

You cannot be hasted, slowed, berserked, paralysed or teleported.
You can dig through walls and to a lower floor.
You have a pair of large antennae on your head. (SInv)
Your four strong arms can wield two-handed weapons with a shield.


Message History

Your hound zombie bites the white imp.
You hit the white imp.
The white imp is heavily wounded.
The adder barely misses your adder zombie.
Your adder zombie bites the white imp but does no damage.
The white imp gestures at you. The puff of frost misses you.
Your hound zombie bites the white imp.
Your kobold zombie hits the white imp.
You closely miss the white imp.
The white imp is severely wounded.
The adder bites your adder zombie.
Your adder zombie bites the white imp but does no damage.
Your hound zombie closely misses the white imp.
The white imp gestures at you. The puff of frost misses you.
Your kobold zombie hits the white imp but does no damage.
The adder completely misses your adder zombie.
You hit the white imp but do no damage.
The white imp is severely wounded.
Your hound zombie bites the white imp.
Your adder zombie bites the white imp but does no damage.
The white imp barely misses you. The adder bites your adder zombie.
Your hound zombie bites the white imp but does no damage.
Your adder zombie bites the adder.
Your kobold zombie closely misses the white imp.
You hit the white imp but do no damage.
The white imp is almost dead.
The adder bites your adder zombie. The white imp gestures at you.
The puff of frost hits you!
* * * LOW HITPOINT WARNING * * *
Your hound zombie misses the white imp.
Your adder zombie bites the adder.
You hit the white imp.
The white imp is almost dead.
The adder bites your adder zombie.
Your hound zombie closely misses the white imp.
The white imp gestures at you. The puff of frost hits you!
You die...
Your body rises from the dead as a mindless zombie.

# #.#.## . .....## ##
.###.....### #.#
##..........
#..###..##..$..#
##....SZ.##....####.
####.....5Z.#).........
.)...8.8Z8@.)....<...#
.###..⌠.⌠..!#)######...
.....8.>.8..#.#
.##...⌠.⌠...#.#
#..8.8.8.##.#
#.....[...$.#
#.#####.##### ... ..#
.## ##.#


You could see an adder (ally target), a white imp (ally target), a friendly
adder zombie, a friendly hound zombie and a friendly kobold zombie.

Vanquished Creatures
  A hound (D:6)
  7 adders
  A dart slug (D:1)
  5 worms (D:2)
  An orc (D:3)
  5 bats
  4 endoplasms
  3 giant cockroaches
  3 goblins
  5 hobgoblins
  5 jackals (D:1)
  A quokka (D:1)
  8 ball pythons
  3 frilled lizards
  6 kobolds
  5 rats
63 creatures vanquished.

Vanquished Creatures (collateral kills)
  A kobold brigand (D:6)
  A kobold (D:6)
2 creatures vanquished.

Vanquished Creatures (others)
  A kobold zombie (D:6)
1 creature vanquished.

Grand Total: 66 creatures vanquished

Notes
Turn   | Place    | Note
-------+----------+-------------------------------------------
     0 | D:1      | MisterFreud the Formicid Gladiator began the quest for the
                  | Orb.
     0 | D:1      | Reached XP level 1. HP: 16/16 MP: 1/1
   380 | D:1      | Reached XP level 2. HP: 21/22 MP: 2/2
   802 | D:1      | Reached skill level 4 in Staves
   802 | D:1      | Reached XP level 3. HP: 27/27 MP: 3/3
  1684 | D:2      | Reached XP level 4. HP: 33/33 MP: 4/4
  1844 | D:2      | Reached skill level 5 in Staves
  1974 | D:2      | Found a faded altar of an unknown god.
  2461 | D:3      | Reached XP level 5. HP: 20/38 MP: 5/5
  2945 | D:3      | Noticed Terence
  2946 | D:3      | Noticed Ijyb
  3378 | D:3      | You fall into a shaft and drop 3 floors!
  3378 | D:6      | Found a staircase to the Ecumenical Temple.
  3380 | Temple   | Entered the Ecumenical Temple
  3813 | Temple   | Became a worshipper of Yredelemnul the Dark
  3832 | D:6      | Noticed a kobold brigand
  3850 | D:6      | Killed a kobold brigand
  3851 | D:6      | Reached skill level 6 in Staves
  3851 | D:6      | Reached skill level 1 in Armour
  3851 | D:6      | Reached XP level 6. HP: 5/46 MP: 6/6
  3931 | D:6      | Reached * piety under Yredelemnul
  3940 | D:6      | Killed from afar by a white imp

Illustrated notes

Levels and vault maps discovered:
D:1:      nagdon_arrival_double_spiral, layout_loops_ring, minmay_ruptured
D:2:      layout_basic, nicolae_ecumenical_snake_handling, nicolae_wormholes
D:3:      layout_loops_corners, fedhas_altar_4, uniq_ijyb, uniq_terence
D:6:      layout_loops_ring, minmay_temple_entry_statues_fountains
Temple:   eino_narrow_crystal_temple

Skill      XL: |  1  2  3  4  5  6 |
---------------+-------------------+-----
Staves         | 4 5 6 |  6.0
Armour         | 1 |  1.8
Fighting       | 3 |  3.0
Throwing       | |  2.0
Dodging        | |  2.6

Action                   |  1- 3 |  4- 6 || total
-------------------------+-------+-------++-------
Melee: Quarterstaff      |    91 |   128 ||   219
 Abil: Shaft Self        |       |     1 ||     1
  Use: Scroll            |     5 |     5 ||    10
 Stab: Sleeping          |     1 |       ||     1
Armor: Leather armour    |    25 |    27 ||    52
Dodge: Dodged            |    66 |    88 ||   154
